 Dungeon Crawl Stone Soup version 0.26-a0-597-gb535b0901c (webtiles) character file.

Game seed: 18327563556341922939

298 Descartes the Digger (level 6, -1/49 HPs)
             Began as a Deep Dwarf Earth Elementalist on Aug 26, 2020.
             Slain by a gnoll shaman
             ... wielding a +0 club
              (2 damage)
             ... on level 4 of the Dungeon.
             The game lasted 00:14:20 (4164 turns).

Descartes the Digger (DDEE)                         Turns: 4164, Time: 00:14:21

Health: -1/49      AC:  4    Str: 14    XL:     6   Next: 13%
Magic:  9/9        EV: 13    Int: 15    God:
Gold:   183        SH:  0    Dex: 13    Spells: 6/10 levels left

rFire    . . .     SeeInvis .   b - +0 halberd
rCold    . . .     Faith    .   (shield currently unavailable)
rNeg     + . .     Spirit   .   w - +1 robe {rN+}
rPois    .         Reflect  .   (no helmet)
rElec    .         Harm     .   (no cloak)
rCorr    .                      d - +0 pair of gloves
MR       .....                  (no boots)
Stlth    +.........             (no amulet)
HPRegen  0.00/turn              (no ring)
MPRegen  0.11/turn              (no ring)

@: non-regenerating, glowing
A: damage resistance, heal wounds, sense surroundings 1, no regeneration
a: Heal Wounds


You were on level 4 of the Dungeon.
You visited 1 branch of the dungeon, and saw 4 of its levels.

You collected 183 gold pieces.

Inventory:

Hand Weapons
 b - a +0 halberd (weapon)
 i - a +0 hand axe
 o - a +2 dagger of protection
Missiles
 r - 35 bolts
 v - 20 sling bullets
 x - 21 arrows
Armour
 a - a +0 plate armour
 c - a +0 robe
 d - a +0 pair of gloves (worn)
 g - a +0 chain mail
 w - a +1 robe of positive energy (worn)
Scrolls
 e - a scroll of teleportation
 f - a scroll of magic mapping {unknown}
 h - 4 scrolls of remove curse
 j - a scroll of amnesia {unknown}
 n - 4 scrolls of enchant weapon {unknown}
 q - 3 scrolls of fog {unknown}
 y - a scroll of noise {unknown}
Potions
 k - a potion of curing {unknown}
 l - a potion of stabbing {unknown}
 m - a potion of might {unknown}
 p - a potion of magic
 s - a potion of mutation {unknown}
 t - a potion of cancellation {unknown}
 u - 2 potions of haste {unknown}


   Skills:
 + Level 2.4 Armour
 + Level 3.5 Dodging
 + Level 4.1 Stealth
 + Level 2.8 Spellcasting
 + Level 1.4 Conjurations
   Level 0.8 Transmutations
 + Level 5.3 Earth Magic


You had 6 spell levels left.
You knew the following spells:

 Your Spells              Type           Power        Failure   Level
a - Sandblast             Erth           ###...       2%          1
b - Stone Arrow           Conj/Erth      ##....       16%         3

Your spell library contained the following spells:

 Spells                   Type           Power        Failure   Level
 Passwall                 Tmut/Erth      ##......     9%          2
 Petrify                  Tmut/Erth      ##......     50%         4
 Lee's Rapid Deconstruct  Erth           ###.......   54%         5


Dungeon Overview and Level Annotations

Branches:
Dungeon (4/15)
 Temple: D:4-7

Altars:
Dithmenos
Nemelex Xobeh
Qazlal
Trog


Innate Abilities, Weirdness & Mutations

You are resistant to damage.
You can heal yourself by infusing magical energy.
You passively map a small area around you.
You do not regenerate.


Message History

You barely miss the phantom.
The phantom is almost destroyed.
The phantom hits you but does no damage.
The phantom blinks!
The gnoll hits you from afar with a +0 halberd.
The gnoll shaman hits you with a +0 club.
* * * LOW HITPOINT WARNING * * *
You miss the phantom.
The phantom is almost destroyed.
The gnoll completely misses you. The phantom hits you.
The gnoll hits you but does no damage.
The gnoll throws a throwing net.
The throwing net hits you.
You become entangled in the net!
You struggle against the net.
The phantom blinks!
The gnoll barely misses you.
The gnoll shaman hits you with a +0 club.
The gnoll hits you but does no damage.
You struggle against the net.
The gnoll shaman barely misses you. The gnoll barely misses you.
The gnoll hits you but does no damage.
You shred the net and break free!
The gnoll shaman hits you with a +0 club.
You die...

##.## ##.##...##^#####'# ,, .#
##...#####...#...########.# *
#..#.......#......##†...†##**
*
##...#####...#>....#######w...
* ##.##* ##g###........)......
### ..#####..##.....#....### *
.......g.g...#.#.........
#....#####g####..##........
#........g@.W.............,
##########§#..####*#.....#.
#...## #....<.. .<.## #.######
#### * * , * * * *, , * * *, *


You could see a phantom, a gnoll shaman and 3 gnolls.

Vanquished Creatures
  A hound (D:3)
  3 worker ants
  2 gnolls (D:3)
  9 adders
  An adder skeleton (D:4)
  3 dart slugs
  6 worms
  2 leopard geckos
  5 orcs
  A giant cockroach (D:1)
  6 hobgoblins
  4 jackals (D:3)
  4 quokkas
  2 bats
  6 frilled lizards
  6 goblins
  10 kobolds
  6 rats
77 creatures vanquished.

Vanquished Creatures (others)
  A leopard gecko (D:3)
  A rat (D:3)
2 creatures vanquished.

Grand Total: 79 creatures vanquished

Notes
Turn   | Place    | Note
-------+----------+-------------------------------------------
     0 | D:1      | Descartes the Deep Dwarf Earth Elementalist began the quest
                  | for the Orb.
     0 | D:1      | Reached XP level 1. HP: 15/15 MP: 3/3
   263 | D:1      | Reached XP level 2. HP: 22/22 MP: 3/5
  1359 | D:2      | Reached skill level 1 in Armour
  1359 | D:2      | Reached XP level 3. HP: 28/28 MP: 2/6
  1646 | D:2      | Found a sparkling altar of Nemelex Xobeh.
  1934 | D:2      | Learned a level 3 spell: Stone Arrow
  1955 | D:2      | Reached XP level 4. HP: 34/36 MP: 4/7
  1992 | D:2      | Found a shadowy altar of Dithmenos.
  2329 | D:3      | Found a stormy altar of Qazlal.
  2622 | D:3      | Reached XP level 5. HP: 12/42 MP: 8/8
  2788 | D:3      | Reached skill level 5 in Earth Magic
  3128 | D:3      | Reached skill level 1 in Conjurations
  3918 | D:4      | Found a bloodstained altar of Trog.
  3987 | D:4      | Reached XP level 6. HP: 20/49 MP: 5/9
  4159 | D:4      | HP: 1/49 [gnoll shaman/+0 club (5)]
  4164 | D:4      | Slain by a gnoll shaman

Illustrated notes

Levels and vault maps discovered:
D:1:      dpeg_arrival_arbitrary_a, layout_loops_corners,
          wander_ebering_terrifying_dragon_lair
D:2:      layout_rooms, grunt_dithmenos_smoke, nemelex_xobeh_ov_fountains_minmay
D:3:      layout_basic, grunt_qazlal_clouds, minmay_misc_feat_more_columns
D:4:      layout_rooms, lemuel_crystal_altar, portal_sewer_entry_f,
          minmay_hedge_maze, minmay_misc_feat_tower, roderic_lattice_a,
          trog_butcher_becter

Skill      XL: |  1  2  3  4  5 |
---------------+----------------+-----
Spellcasting   | 2 |  2.8
Armour         | 1 2 |  2.4
Stealth        | 3 4 |  4.1
Dodging        | 3 |  3.5
Earth Magic    | 5 |  5.3
Conjurations   | 1 |  1.4
Transmutations | |  0.8

Action                   |  1- 3 |  4- 6 || total
-------------------------+-------+-------++-------
Melee: Hand axe          |     1 |       ||     1
       Dagger            |       |    45 ||    45
       Halberd           |       |    48 ||    48
 Cast: Sandblast         |    57 |    24 ||    81
       Stone Arrow       |       |    25 ||    25
 Abil: Heal Wounds       |       |     3 ||     3
  Use: Scroll            |     2 |     1 ||     3
 Stab: Sleeping          |     1 |     2 ||     3
Armor: Robe              |     2 |    25 ||    27
Dodge: Dodged            |     9 |    83 ||    92

Table legend: (Time is in decaauts)
 A = Elapsed time spent in this place.
 B = Non-inter-level travel time spent in this place.
 C = Inter-level travel time spent in this place.
 D = Time resting spent in this place.
 E = Time spent auto-exploring this place.
 F = Levels seen in this place.
 G = Mean time per level.
                   A        B        C        D        E       F      G
               +--------+--------+--------+--------+--------+-----+--------+
         Total |   4192 |   4001 |    191 |     50 |   3072 |   4 | 1048.0 |
       Dungeon |   4192 |   4001 |    191 |     50 |   3072 |   4 | 1048.0 |
               +--------+--------+--------+--------+--------+-----+--------+

Top non-repeatable levels by time:
     D:3: 1554 daAuts
     D:1: 1353 daAuts
     D:2: 851 daAuts
     D:4: 433 daAuts
